Workbook

Sheet FUNPREV
A1: CARTEIRA FUNPREV - SETEMBRO 2026 | F1: MOVIMENTAÇÕES - FUNPREV
F2: DATA | G2: APLICAÇÃO | H2: RESGATE | I2: ATIVO | J2: DESCRIÇÃO
A3: RENDA FIXA | F3: 46266 | G3: 2500000 | I3: SANTANDER TÍTULOS PÚBLICOS HIPER RESP LIMITADA FIF CIC REFERENCIADO DI | J3: Arrecadação Previdenciária
A4: ATIVOS | B4: RENDIMENTO | C4: PL | D4: % CARTEIRA | F4: 46268 | G4: 3500000 | I4: SANTANDER TÍTULOS PÚBLICOS HIPER RESP LIMITADA FIF CIC REFERENCIADO DI | J4: Arrecadação Previdenciária
A5: Art. 7º I Fundos ou ETF Renda Fixa 100% - Títulos Públicos | B5: =SUM(B6:B11) -> 7138015.3 | C5: =SUM(C6:C11) -> 6.2496283e+08 | D5: =IFERROR(C5/$C$98,0) -> 0.12893227 | F5: 46274 | G5: 2967214.6 | I5: SANTANDER TÍTULOS PÚBLICOS HIPER RESP LIMITADA FIF CIC REFERENCIADO DI | J5: Arrecadação Previdenciária
A6: BB IMA-B 5 RESP LIMITADA FIF CIC RENDA FIXA PREVIDENCIÁRIO LP | B6: 0.11989326 | C6: 6.1580552 | D6: =IFERROR(C6/$C$98,0) -> 1.2704308e-09 | F6: 46275 | G6: 2500000 | I6: SANTANDER TÍTULOS PÚBLICOS HIPER RESP LIMITADA FIF CIC REFERENCIADO DI | J6: Arrecadação Previdenciária
A7: ITAÚ INSTITUCIONAIS LEGEND RESP LIMITADA FIF CIC RENDA FIXA LP | B7: 1958348.9 | C7: 1.7203483e+08 | D7: =IFERROR(C7/$C$98,0) -> 0.035491456 | F7: 46276 | G7: 3347903.6 | I7: SANTANDER TÍTULOS PÚBLICOS HIPER RESP LIMITADA FIF CIC REFERENCIADO DI | J7: Arrecadação Previdenciária
A8: ITAÚ INSTITUCIONAL ALOCAÇÃO DINÂMICA RESP LIMITADA FIF CIC RENDA FIXA | B8: 9264.4186 | C8: 432795.72 | D8: =IFERROR(C8/$C$98,0) -> 8.9287443e-05 | F8: 46282 | H8: 42424178 | I8: SANTANDER TÍTULOS PÚBLICOS HIPER RESP LIMITADA FIF CIC REFERENCIADO DI | J8: Atendimento a LC 125/19
A9: ITAÚ INSTITUCIONAL IMA-B 5 RESP LIMITADA FIF CIC RENDA FIXA | B9: 5393.4492 | C9: 277094.5 | D9: =IFERROR(C9/$C$98,0) -> 5.7165675e-05 | F9: 46286 | G9: 421385.83 | I9: SANTANDER TÍTULOS PÚBLICOS HIPER RESP LIMITADA FIF CIC REFERENCIADO DI | J9: Arrecadação Previdenciária
A10: ITAÚ INSTITUCIONAL JANEIRO RESP LIMITADA FIF CIC RENDA FIXA LP | B10: 1479477.8 | C10: 1.1158417e+08 | D10: =IFERROR(C10/$C$98,0) -> 0.023020248 | F10: 46288 | G10: 1500000 | I10: SANTANDER TÍTULOS PÚBLICOS HIPER RESP LIMITADA FIF CIC REFERENCIADO DI | J10: Arrecadação Previdenciária
A11: SANTANDER TÍTULOS PÚBLICOS HIPER RESP LIMITADA FIF CIC REFERENCIADO DI | B11: 3685530.6 | C11: 3.4063393e+08 | D11: =IFERROR(C11/$C$98,0) -> 0.070274107 | F11: 46289 | G11: 7000000 | I11: SANTANDER TÍTULOS PÚBLICOS HIPER RESP LIMITADA FIF CIC REFERENCIADO DI | J11: Arrecadação Previdenciária
A12: Art. 7º III Títulos Públicos Federais - Intermediação - Balcão | B12: =SUM(B13:B37) -> 18517014 | C12: =SUM(C13:C37) -> 2.2298322e+09 | D12: =IFERROR(C12/$C$98,0) -> 0.46002306 | G12: =SUM(G3:G11) -> 23736504 | H12: =SUM(H3:H11) -> 42424178
A13: LFT 210100 20290901 | B13: 2582086.4 | C13: 2.5435003e+08 | D13: =IFERROR(C13/$C$98,0) -> 0.052473402
A14: NTN-B 2035 28.11.2022_6,21 | B14: 756174.9 | C14: 1.0877134e+08 | D14: =IFERROR(C14/$C$98,0) -> 0.022439952
A15: NTN-B 2040 28.12.2022_6,27 | B15: 991015.72 | C15: 1.4161422e+08 | D15: =IFERROR(C15/$C$98,0) -> 0.029215564
A16: NTN-B 2040_11.04.2023_6,1910 | B16: 314717.54 | C16: 45365155 | D16: =IFERROR(C16/$C$98,0) -> 0.0093590082
A17: NTN-B 2045 21.10.2022_5,84 | B17: 797366.18 | C17: 1.1967743e+08 | D17: =IFERROR(C17/$C$98,0) -> 0.02468992
A18: NTN-B 2045 23.12.2024_7,2015 (mercado) | B18: 2286462.8 | C18: 55402469 | D18: =IFERROR(C18/$C$98,0) -> 0.011429745
A19: NTN-B 2045 30.01.2023_6,452 | B19: 351376.12 | C19: 49214120 | D19: =IFERROR(C19/$C$98,0) -> 0.010153065
A20: NTN-B 2045 31.10.2022_5,851 | B20: 797054.36 | C20: 1.1946291e+08 | D20: =IFERROR(C20/$C$98,0) -> 0.024645663
A21: NTN-B 2045_16.03.2023_6,44 | B21: 688558.62 | C21: 96555016 | D21: =IFERROR(C21/$C$98,0) -> 0.019919676
A22: NTN-B 2050 10.02.2023_6,452 | B22: 339046.65 | C22: 47484708 | D22: =IFERROR(C22/$C$98,0) -> 0.0097962802
A23: NTN-B 2050 15.09.2022_5,933 | B23: 605002.68 | C23: 89821644 | D23: =IFERROR(C23/$C$98,0) -> 0.018530555
A24: NTN-B 2050 16.03.2023_6,4461 | B24: 167906.9 | C24: 23531352 | D24: =IFERROR(C24/$C$98,0) -> 0.0048546096
... A37: NTN-F 2033 27.02.2023_13,36 | B37: 200724.49 | C37: 19308864 | D37: =IFERROR(C37/$C$98,0) -> 0.0039834938
A38: Art. 7° V Fundos de Renda Fixa e ETF - Demais | B38: =SUM(B39:B42) -> 10547755 | C38: =SUM(C39:C42) -> 9.5167958e+08 | D38: =IFERROR(C38/$C$98,0) -> 0.1963352
A39: BB INSTITUCIONAL RESP LIMITADA FIF RENDA FIXA | B39: 1.9730974 | C39: 185.64494 | D39: =IFERROR(C39/$C$98,0) -> 3.8299273e-08
A40: BB PERFIL RESP LIMITADA FIF CIC RENDA FIXA REFERENCIADO DI PREVIDENCIÁRIO LP | B40: 3434346.7 | C40: 3.2281257e+08 | D40: =IFERROR(C40/$C$98,0) -> 0.066597491
A41: BRADESCO PREMIUM RESP LIMITADA FIF RENDA FIXA REFERENCIADO DI | B41: 4003569.3 | C41: 3.7597669e+08 | D41: =IFERROR(C41/$C$98,0) -> 0.077565455
A42: ITAÚ INSTITUCIONAL GLOBAL DINÂMICO RESP LIMITADA FIF CIC RENDA FIXA LP | B42: 3109836.7 | C42: 2.5289013e+08 | D42: =IFERROR(C42/$C$98,0) -> 0.052172219
A43: Art. 7° VI Títulos de Instituições Financeiras | B43: =SUM(B44) -> 378051.9 | C43: =SUM(C44) -> 64344944 | D43: =IFERROR(C43/$C$98,0) -> 0.013274613
A44: LFSN BTG Pactual - VENC DEZ 2032 - IPCA + 8,4 | B44: 378051.9 | C44: 64344944 | D44: =IFERROR(C44/$C$98,0) -> 0.013274613
A45: Art. 7° VII Fundos de Renda Fixa - Crédito Privado | B45: =SUM(B46:B48) -> 492891.87 | C45: =SUM(C46:C48) -> 46175984 | D45: =IFERROR(C45/$C$98,0) -> 0.0095262853
A46: SANTANDER CRESCIMENTO INSTITUCIONAL RESP LIMITADA FIF RENDA FIXA CRÉDITO PRIVADO LP | B46: 721.86111 | C46: 73139.379 | D46: =IFERROR(C46/$C$98,0) -> 1.5088939e-05
A47: BRADESCO PERFORMANCE INSTITUCIONAL RESP LIMITADA FIF CIC RENDA FIXA CRÉDITO PRIVADO LP | B47: 242849.62 | C47: 22925628 | D47: =IFERROR(C47/$C$98,0) -> 0.0047296464
A48: ITAÚ HIGH GRADE RESP LIMITADA FIF CIC RENDA FIXA CRÉDITO PRIVADO | B48: 249320.4 | C48: 23177216 | D48: =IFERROR(C48/$C$98,0) -> 0.00478155
A49: Art. 7° IX Sublasses sênior de FIDC ou FIC-FIDC | B49: =SUM(B50) -> -13995.202 | C49: =SUM(C50) -> 2344327.8 | D49: =IFERROR(C49/$C$98,0) -> 0.00048364395
A50: BBIF MASTER FIDC LP SÊNIOR 1 | B50: -13995.202 | C50: 2344327.8 | D50: =IFERROR(C50/$C$98,0) -> 0.00048364395
A51: SUBTOTAL RENDA FIXA | B51: =B5+B12+B38+B43+B45+B49 -> 37059732 | C51: =C5+C12+C38+C43+C45+C49 -> 3.9193398e+09 | D51: =IFERROR(C51/$C$98,0) -> 0.80857507
A53: RENDA VARIÁVEL
A54: ATIVOS | B54: RENDIMENTO | C54: PL | D54: % CARTEIRA
A55: Art. 8° I Fundos de Ações | B55: =SUM(B56:B68) -> 18181112 | C55: =SUM(C56:C68) -> 3.5925737e+08 | D55: =IFERROR(C55/$C$98,0) -> 0.074116194
A56: AZ QUEST AÇÕES RESP LIMITADA FIF CIC AÇÕES | B56: 130433.58 | C56: 2004758.4 | D56: =IFERROR(C56/$C$98,0) -> 0.00041358947
A57: AZ QUEST SMALL MID CAPS RESP LIMITADA FIF CIC AÇÕES | B57: 2018188.2 | C57: 35948173 | D57: =IFERROR(C57/$C$98,0) -> 0.0074162481
A58: BAHIA AM VALUATION RESP LIMITADA FIF CIC AÇÕES | B58: 1914680.1 | C58: 45401518 | D58: =IFERROR(C58/$C$98,0) -> 0.0093665099
A59: BNP PARIBAS SMALL CAPS RESP LIMITADA FIF AÇÕES | B59: 14881.248 | C59: 494385.44 | D59: =IFERROR(C59/$C$98,0) -> 0.00010199364
A60: BRADESCO MID SMALL CAPS RESP LIMITADA FIF AÇÕES | B60: 994369.41 | C60: 19082766 | D60: =IFERROR(C60/$C$98,0) -> 0.003936849
A61: BRADESCO IBOVESPA VALUATION RESP LIMITADA FIF CIC AÇÕES | B61: 4506.6106 | C61: 80357.24 | D61: =IFERROR(C61/$C$98,0) -> 1.6578012e-05
A62: BTG PACTUAL ABSOLUTO INSTITUCIONAL FIF CIC AÇÕES | B62: 3312538.6 | C62: 64332346 | D62: =IFERROR(C62/$C$98,0) -> 0.013272013
A63: ITAÚ DUNAMIS RESP LIMITADA FIF CIC AÇÕES | B63: 1978971.1 | C63: 0 | D63: =IFERROR(C63/$C$98,0) -> 0
A64: ITAÚ DUNAMIS RESP LIMITADA FIF CIC AÇÕES SUBCLASSE I | B64: -351638.01 | C64: 40276295 | D64: =IFERROR(C64/$C$98,0) -> 0.0083091566
A65: OCCAM RESP LIMITADA FIF CIC AÇÕES | B65: 1731057.3 | C65: 32073080 | D65: =IFERROR(C65/$C$98,0) -> 0.0066168014
A66: SAFRA EQUITY PORTFÓLIO PB RESP LIMITADA FIF CIC AÇÕES | B66: 1135298 | C66: 23039343 | D66: =IFERROR(C66/$C$98,0) -> 0.0047531061
A67: VINCI MOSAICO INSTITUCIONAL RESP LIMITADA FIF AÇÕES | B67: 3724049.2 | C67: 65139628 | D67: =IFERROR(C67/$C$98,0) -> 0.013438559
A68: VINCI SELECTION EQUITIES RESP LIMITADA FIF AÇÕES | B68: 1573777.1 | C68: 31384715 | D68: =IFERROR(C68/$C$98,0) -> 0.006474789
A69: Art. 8° III Fundos de ETF BDR - Ações | B69: =SUM(B70:B71) -> 1795161.3 | C69: =SUM(C70:C71) -> 1.0451347e+08 | D69: =IFERROR(C69/$C$98,0) -> 0.021561535
A70: CAIXA INSTITUCIONAL RESP LIMITADA FIF AÇÕES BDR NÍVEL I | B70: 960157.51 | C70: 53604941 | D70: =IFERROR(C70/$C$98,0) -> 0.011058908
A71: WESTERN ASSET RESP LIMITADA FIF AÇÕES BDR NÍVEL I | B71: 835003.83 | C71: 50908525 | D71: =IFERROR(C71/$C$98,0) -> 0.010502627
A72: SUBTOTAL RENDA VARIÁVEL | B72: =B55+B69 -> 19976274 | C72: =C55+C69 -> 4.6377083e+08 | D72: =IFERROR(C72/$C$98,0) -> 0.095677729
A74: INVESTIMENTO NO EXTERIOR
A75: ATIVOS | B75: RENDIMENTO | C75: PL | D75: % CARTEIRA
A76: Art. 9° II Fundos Exterior - Investidor Qualificado | B76: =SUM(B77:B79) -> 2337172.8 | C76: =SUM(C77:C79) -> 1.3555045e+08 | D76: =IFERROR(C76/$C$98,0) -> 0.027964586
A77: BTG PACTUAL MULTIGESTOR GLOBAL EQUITIES BRL FIF AÇÕES | B77: -87466.774 | C77: 58782736 | D77: =IFERROR(C77/$C$98,0) -> 0.012127107
A78: SYSTEMATICA BLUE TREND ADVISORY INVESTIMENTO NO EXTERIOR RESP LIMITADA FI MULTIMERCADO | B78: 2485558 | C78: 51508583 | D78: =IFERROR(C78/$C$98,0) -> 0.010626421
A79: VINCI INTERNACIONAL FIF CIC MULTIMERCADO | B79: -60918.5 | C79: 25259131 | D79: =IFERROR(C79/$C$98,0) -> 0.005211057
A80: SUBTOTAL INVESTIMENTO NO EXTERIOR | B80: =B76 -> 2337172.8 | C80: =C76 -> 1.3555045e+08 | D80: =IFERROR(C80/$C$98,0) -> 0.027964586
A82: ESTRUTURADOS
A83: ATIVOS | B83: RENDIMENTO | C83: PL | D83: % CARTEIRA
A84: Art. 10° I Fundos Multimercado | B84: =SUM(B85) -> 686323.3 | C84: =SUM(C85) -> 97283143 | D84: =IFERROR(C84/$C$98,0) -> 0.020069891
A85: BTG PACTUAL S&P 500 BRL RESP LIMITADA FI MULTIMERCADO | B85: 686323.3 | C85: 97283143 | D85: =IFERROR(C85/$C$98,0) -> 0.020069891
A86: Art. 10° III Fundos FIP e FIC-FIP | B86: =SUM(B87:B94) -> 2369196.6 | C86: =SUM(C87:C94) -> 2.3127397e+08 | D86: =IFERROR(C86/$C$98,0) -> 0.047712721
A87: AU_KINEA PRIVATE EQUITY IV FEEDER INSTITUCIONAL I MULTIESTRATÉGIA FIP | B87: 970243.81 | C87: 92054702 | D87: =IFERROR(C87/$C$98,0) -> 0.018991243
A88: BTG PACTUAL ECONOMIA REAL II RESP LIMITADA FIP MULTIESTRATÉGIA | B88: -101838.45 | C88: 27314246 | D88: =IFERROR(C88/$C$98,0) -> 0.0056350354
A89: BTG PACTUAL INFRAESTRUTURA II RESP LIMITADA FICFIP MULTIESTRATÉGIA | B89: 4.4190003 | C89: 223290.61 | D89: =IFERROR(C89/$C$98,0) -> 4.6065722e-05
A90: BTG PACTUAL INFRAESTRUTURA III FEEDER RESP LIMITADA FIP MULTIESTRATÉGIA | B90: 225.66218 | C90: 10850367 | D90: =IFERROR(C90/$C$98,0) -> 0.002238473
A91: PÁTRIA PRIVATE EQUITY VII ADVISORY FIP MULTIESTRATÉGIA | B91: -71232.361 | C91: 28052388 | D91: =IFERROR(C91/$C$98,0) -> 0.0057873168
A92: PÁTRIA INFRAESTRUTURA V ADVISORY FIP MULTIESTRATÉGIA | B92: 89660.084 | C92: 6334610.5 | D92: =IFERROR(C92/$C$98,0) -> 0.0013068548
A93: KINEA EQUITY INFRA I FEEDER INSTITUCIONAL I RESP LIMITADA FIP MULTIESTRATÉGIA | B93: 108389.15 | C93: 44890977 | D93: =IFERROR(C93/$C$98,0) -> 0.0092611834
A94: VINCI CAPITAL PARTNERS IV FEEDER B FIP | B94: 1373744.3 | C94: 21553389 | D94: =IFERROR(C94/$C$98,0) -> 0.004446548
A95: SUBTOTAL ESTRUTURADOS | B95: =B84+B86 -> 3055519.9 | C95: =C84+C86 -> 3.2855711e+08 | D95: =IFERROR(C95/$C$98,0) -> 0.067782612
A97: TOTAL FUNPREV | B97: RENDIMENTO | C97: PL | D97: % CARTEIRA
B98: =B51+B72+B80+B95 -> 62428698 | C98: =C51+C72+C80+C95 -> 4.8472182e+09 | D98: =D51+D72+D80+D95 -> 1

Sheet FINANPREV
A1: CARTEIRA FINANPREV - SETEMBRO 2026 | F1: MOVIMENTAÇÕES - FINANPREV
F2: DATA | G2: APLICAÇÃO | H2: RESGATE | I2: ATIVO | J2: DESCRIÇÃO
A3: ATIVOS - RENDA FIXA | B3: RENDIMENTO | C3: PL | D3: % CARTEIRA | F3: 46266 | G3: 20000000 | I3: BB TÍTULOS PÚBLICOS RESP LIMITADA FIF RENDA FIXA REFERENCIADO DI LP
A4: Art. 7º I Fundos ou ETF Renda Fixa 100% - Títulos Públicos | B4: =SUM(B5) -> 803998.1 | C4: =SUM(C5) -> 46043188 | D4: =IFERROR(C4/$C$12,0) -> 0.99516895 | F4: 46268 | G4: 20000000 | I4: BB TÍTULOS PÚBLICOS RESP LIMITADA FIF RENDA FIXA REFERENCIADO DI LP
A5: BB TÍTULOS PÚBLICOS RESP LIMITADA FIF RENDA FIXA REFERENCIADO DI LP | B5: 803998.1 | C5: 46043188 | D5: =IFERROR(C5/$C$12,0) -> 0.99516895 | F5: 46274 | G5: 23042354 | I5: BB TÍTULOS PÚBLICOS RESP LIMITADA FIF RENDA FIXA REFERENCIADO DI LP
A6: ATIVOS - RENDA FIXA | B6: RENDIMENTO | C6: PL | D6: % CARTEIRA | F6: 46282 | H6: 1.538542e+08 | I6: BB TÍTULOS PÚBLICOS RESP LIMITADA FIF RENDA FIXA REFERENCIADO DI LP | J6: RESGATE PAGAMENTO DA FOLHA DE SETEMBRO
A7: Art. 7° V Fundos de Renda Fixa e ETF - Demais | B7: =SUM(B8:B9) -> 1745.8912 | C7: =SUM(C8:C9) -> 159683.6 | D7: =IFERROR(C7/$C$12,0) -> 0.0034513717 | F7: 46293 | G7: 46000000 | I7: BB TÍTULOS PÚBLICOS RESP LIMITADA FIF RENDA FIXA REFERENCIADO DI LP
A8: ITAÚ INSTITUCIONAL RESP LIMITADA FIF RENDA FIXA REFERENCIADO DI | B8: 199.76802 | C8: 18617.427 | D8: =IFERROR(C8/$C$12,0) -> 0.00040239362 | F8: TOTAL | G8: =SUM(G3:G7) -> 1.0904235e+08 | H8: =SUM(H3:H7) -> 1.538542e+08
A9: PORTO SEGURO CLÁSSICO RESP LIMITADA FIF CIC RENDA FIXA LP | B9: 1546.1232 | C9: 141066.17 | D9: =IFERROR(C9/$C$12,0) -> 0.0030489781
A10: Art. 7º VII Fundos de Renda Fixa - Crédito Privado | B10: =SUM(B11) -> 686.56467 | C10: =SUM(C11) -> 63833.198 | D10: =IFERROR(C10/$C$12,0) -> 0.0013796789
A11: BTG PACTUAL YIELD DI FIF RENDA FIXA | B11: 686.56467 | C11: 63833.198 | D11: =IFERROR(C11/$C$12,0) -> 0.0013796789
A12: TOTAL FINANPREV | B12: =B4++B7+B10 -> 806430.55 | C12: =C4++C7+C10 -> 46266705 | D12: =1 -> 1

Sheet SPSM
A1: CARTEIRA SPSM - SETEMBRO 2026 | F1: MOVIMENTAÇÕES - SPSM
F2: DATA | G2: APLICAÇÃO | H2: RESGATE | I2: ATIVO | J2: DESCRIÇÃO
A3: ATIVOS - RENDA FIXA | B3: RENDIMENTO | C3: PL | D3: % CARTEIRA | F3: 46266 | G3: 19000000 | I3: BB TÍTULOS PÚBLICOS RESP LIMITADA FIF RENDA FIXA REFERENCIADO DI LP
A4: Art. 7º I Fundos ou ETF Renda Fixa 100% - Títulos Públicos | B4: =SUM(B5) -> 193752.78 | C4: =SUM(C5) -> 13012205 | D4: =IFERROR(C4/$C$6,0) -> 1 | F4: 46282 | H4: 31193903 | I4: BB TÍTULOS PÚBLICOS RESP LIMITADA FIF RENDA FIXA REFERENCIADO DI LP | J4: RESGATE PARA PAGAMENTO DA FOHA DE SETEMBRO/2026
A5: BB TÍTULOS PÚBLICOS RESP LIMITADA FIF RENDA FIXA REFERENCIADO DI LP | B5: 193752.78 | C5: 13012205 | D5: =IFERROR(C5/$C$6,0) -> 1 | F5: 46293 | G5: 13000000 | I5: BB TÍTULOS PÚBLICOS RESP LIMITADA FIF RENDA FIXA REFERENCIADO DI LP
A6: TOTAL | B6: =B4 -> 193752.78 | C6: =C4 -> 13012205 | D6: =1 -> 1 | F6: TOTAL | G6: =SUM(G3:G5) -> 32000000 | H6: =SUM(H3:H5) -> 31193903

Sheet TAXA DE ADM
A1: CARTEIRA TAXA DE ADMINISTRAÇÃO - SETEMBRO 2026 | F1: MOVIMENTAÇÕES - TAXA DE ADMINISTRAÇÃO
A2: ATIVOS - RENDA FIXA | B2: RENDIMENTO | C2: PL | D2: % CARTEIRA | F2: DATA | G2: APLICAÇÃO | H2: RESGATE | I2: ATIVO | J2: DESCRIÇÃO
A3: Art. 7º I Fundos ou ETF Renda Fixa 100% - Títulos Públicos | B3: =SUM(B4:B4) -> 0 | C3: =SUM(C4:C4) -> 0 | D3: =IFERROR(C3/$C$7,0) -> 0
A4: BB TÍTULOS PÚBLICOS RESP LIMITADA FIF RENDA FIXA REFERENCIADO DI LP | C4: 0 | D4: =IFERROR(C4/$C$7,0) -> 0
A5: Art. 7º IV Operações Compromissadas com Títulos Públicos | B5: 0 | C5: 0 | D5: =IFERROR(C5/$C$7,0) -> 0
A7: TOTAL TAXA DE ADMINISTRAÇÃO | B7: =B3+B5 -> 0 | C7: =C3+C5 -> 0 | D7: =1 -> 1

Sheet ALOCAÇÃO POR GESTOR
A1: PL por Instituição Financeira
A2: Data Base: 30/09/2026
A3: Gestoras | B3: Valor Aplicado | C3: %
A4: Tesouro Nacional | B4: 2.2298322e+09 | C4: =B4/$B$23 -> 0.45446519
A5: BB Asset Management | B5: 3.8186816e+08 | C5: =B5/$B$23 -> 0.07782908
A6: Itaú | B6: 6.0069115e+08 | C6: =B6/$B$23 -> 0.1224277
A7: Bradesco | B7: 4.1806544e+08 | C7: =B7/$B$23 -> 0.085206498
A8: Santander | B8: 3.4070707e+08 | C8: =B8/$B$23 -> 0.069439982
A9: BTG Pactual | B9: 3.2319491e+08 | C9: =B9/$B$23 -> 0.065870803
A10: Caixa Econômico Asset | B10: 53604941 | C10: =B10/$B$23 -> 0.010925298
A11: Safra Asset Management | B11: 23039343 | C11: =B11/$B$23 -> 0.0046956804
A12: Vinci Partners | B12: 1.4333686e+08 | C12: =B12/$B$23 -> 0.029213685
A13: Kinea Investimentos | B13: 1.3694568e+08 | C13: =B13/$B$23 -> 0.027911089
A14: Western Asset | B14: 50908525 | C14: =B14/$B$23 -> 0.010375737
A15: Bahia Asset | B15: 45401518 | C15: =B15/$B$23 -> 0.0092533464
... A22: Porto Seguro Investimentos | B22: 141066.17 | C22: =B22/$B$23 -> 2.8750892e-05
A23: TOTAL | B23: =SUM(B4:B22) -> 4.9064972e+09 | C23: =1 -> 1
A24: Disponibilidade Financeira | B24: 1.6539981e+08
A25: TOTAL GERAL | B25: =B23+B24 -> 5.071897e+09

Sheet ENQUADRAMENTO
A1: Distribuição e Enquadramento dos Investimentos IGEPPS/PA (FUNPREV+FINANPREV+SPSM)
B2: Data base | C2: 46295
E3: Política de Investimentos 2026
E4: Política de Investimentos 2026
A5: Artigo | B5: Tipo de Ativo | C5: Valor (R$) | D5: Carteira % | E5: Limite Inferior | F5: Estratégia Alvo | G5: Limite Superior | H5: Limite Legal
A6: Renda Fixa | C6: =SUM(C7:C15) -> 3.9786188e+09 | D6: =IFERROR(C6/$C$34,0) -> 0.81088782 | F6: 0.87 | H6: 1
A7: Art. 7º I | B7: Fundos ou ETF Renda Fixa 100% - Títulos Públicos | C7: =FUNPREV!C5+FINANPREV!C4+SPSM!C4+'TAXA DE ADM'!C3 -> 6.8401823e+08 | D7: =IFERROR(C7/$C$34,0) -> 0.1394107 | E7: 0 | F7: 0.135 | G7: 1 | H7: 1
A8: Art. 7º II | B8: Títulos do Tesouro Nacional (SELIC) primário/plataforma eletrônica | C8: 0 | D8: =IFERROR(C8/$C$34,0) -> 0 | E8: 0 | F8: 0 | G8: 1 | H8: 1
A9: Art. 7º III | B9: Títulos Públicos Federais - Intermediação - Balcão | C9: =FUNPREV!C12 -> 2.2298322e+09 | D9: =IFERROR(C9/$C$34,0) -> 0.45446519 | E9: 0 | F9: 0.5 | G9: 1 | H9: 1
A10: Art. 7° IV | B10: Operações Compromissadas com títulos públicos | C10: 0 | D10: =IFERROR(C10/$C$34,0) -> 0 | E10: 0 | F10: 0 | G10: 0.05 | H10: 0.05
A11: Art. 7° V | B11: Fundos de Renda Fixa e ETF - Demais | C11: =FUNPREV!C38+FINANPREV!C7 -> 9.5183926e+08 | D11: =IFERROR(C11/$C$34,0) -> 0.19399568 | E11: 0 | F11: 0.22 | G11: 0.4 | H11: 0.7
A12: Art. 7° VI | B12: Títulos de Instituições Financeiras | C12: =FUNPREV!C43 -> 64344944 | D12: =IFERROR(C12/$C$34,0) -> 0.013114233 | E12: 0 | F12: 0.015 | G12: 0.05
A13: Art. 7° VII | B13: Fundos de Renda Fixa - Crédito Privado | C13: =FUNPREV!C45+FINANPREV!C10 -> 46239817 | D13: =IFERROR(C13/$C$34,0) -> 0.0094242014 | E13: 0 | F13: 0 | G13: 0 | H13: 0.2
A14: Art. 7° VIII | B14: Fundos de Debêntures Infraestrutura | C14: 0 | D14: =IFERROR(C14/$C$34,0) -> 0 | E14: 0 | F14: 0 | G14: 0 | H14: 0.1
A15: Art. 7° IX | B15: Sublasses sênior de FIDC ou FIC-FIDC | C15: =FUNPREV!C49 -> 2344327.8 | D15: =IFERROR(C15/$C$34,0) -> 0.0004778007 | E15: 0 | F15: 0 | G15: 0 | H15: 0.1
A16: Renda Variável | C16: =SUM(C17:C20) -> 4.6377083e+08 | D16: =IFERROR(C16/$C$34,0) -> 0.094521778 | F16: 0.11 | H16: 0.4
A17: Art. 8° I | B17: Fundos de Ações | C17: =FUNPREV!C55 -> 3.5925737e+08 | D17: =IFERROR(C17/$C$34,0) -> 0.073220743 | E17: 0 | F17: 0.04 | G17: 0.1 | H17: 0.4
A18: Art. 8° II | B18: Fundos de ETF de Ações | C18: 0 | D18: =IFERROR(C18/$C$34,0) -> 0 | E18: 0 | F18: 0.07 | G18: 0.1 | H18: 0.4
A19: Art. 8° III | B19: Fundos de ETF BDR - Ações | C19: =FUNPREV!C69 -> 1.0451347e+08 | D19: =IFERROR(C19/$C$34,0) -> 0.021301035 | E19: 0 | F19: 0 | G19: 0
A20: Art. 8° IV | B20: Fundos de ETF - Internacional | C20: 0 | D20: =IFERROR(C20/$C$34,0) -> 0 | E20: 0 | F20: 0 | G20: 0 | H20: 0.4
A21: Exterior | C21: =SUM(C22:C24) -> 1.3555045e+08 | D21: =IFERROR(C21/$C$34,0) -> 0.027626725 | F21: 0 | H21: 0.1
A22: Art. 9° I | B22: Fundos Renda Fixa - Dívida Externa | C22: 0 | D22: =IFERROR(C22/$C$34,0) -> 0 | E22: 0 | F22: 0 | G22: 0 | H22: 0.1
A23: Art. 9° II | B23: Fundos Exterior - Investidor Qualificado | C23: =FUNPREV!C76 -> 1.3555045e+08 | D23: =IFERROR(C23/$C$34,0) -> 0.027626725 | E23: 0 | F23: 0 | G23: 0 | H23: 0.1
A24: Art. 9° III | B24: Fundos Exterior - Investidor Geral | C24: 0 | D24: =IFERROR(C24/$C$34,0) -> 0 | E24: 0 | F24: 0 | G24: 0 | H24: 0.1
A25: Estruturados | C25: =SUM(C26:C29) -> 3.2855711e+08 | D25: =IFERROR(C25/$C$34,0) -> 0.066963682 | F25: 0.02 | H25: 0.2
A26: Art. 10° I | B26: Fundos Multimercado | C26: =FUNPREV!C84 -> 97283143 | D26: =IFERROR(C26/$C$34,0) -> 0.019827413 | E26: 0 | F26: 0.02 | G26: 0.1 | H26: 0.1
A27: Art. 10° II | B27: Fundos FIAGRO | C27: 0 | D27: =IFERROR(C27/$C$34,0) -> 0 | E27: 0 | F27: 0 | G27: 0 | H27: 0.05
A28: Art. 10° III | B28: Fundos FIP e FIC-FIP | C28: =FUNPREV!C86 -> 2.3127397e+08 | D28: =IFERROR(C28/$C$34,0) -> 0.047136269 | E28: 0 | F28: 0 | G28: 0 | H28: 0.05
A29: Art. 10° IV | B29: Fundos de Ações - Mercado de Acesso | C29: 0 | D29: =IFERROR(C29/$C$34,0) -> 0 | E29: 0 | F29: 0 | G29: 0
A30: Fundos Imobiliários | C30: =SUM(C31) -> 0 | D30: =IFERROR(C30/$C$34,0) -> 0 | F30: 0 | H30: 0.1
A31: Art. 11º | B31: Fundos Imobiliários (FII) | C31: 0 | D31: =IFERROR(C31/$C$34,0) -> 0 | E31: 0 | F31: 0 | G31: 0 | H31: 0.1
A32: Empréstimos Consignados | C32: =SUM(C33) -> 0 | D32: =IFERROR(C32/$C$34,0) -> 0 | F32: 0 | H32: 0.1
A33: Art. 12º, II | B33: Empréstimos Consignados | C33: 0 | D33: =IFERROR(C33/$C$34,0) -> 0 | E33: 0 | F33: 0 | G33: 0 | H33: 0.1
A34: Total da Carteira | C34: =C6+C16+C21+C25+C30+C32 -> 4.9064972e+09 | D34: =1 -> 1 | F34: =F6+F16+F21+F25+F30+F32 -> 1
A35: Disponibilidade Financeira | C35: ='ALOCAÇÃO POR GESTOR'!B24 -> 1.6539981e+08
A36: Total Geral | C36: =C34+C35 -> 5.071897e+09
A37: Fonte: NUGIN
